Map: Romanticide LE

Players

goblin - Winner!

  • Race: Protoss Protoss
  • League: Master

Kas

  • Race: Terran Terran
  • League: Grandmaster

Event: DreamHack SC2 Masters 2021 Summer

VOD

Have the link to the VOD?

Description

Time

  • Played on: May 27, 2021, 1:46 p.m.
  • Length: 11:09

All games in this series

Show
View Real Time Build Order
Export as new Build Order

goblin Protoss - Winner!

Build Orders: 1 Gate Expand, Phoenix Opening 

Get SALT Encoding   

  12  0:00  Probe  
  13  0:12  Probe  
  14  0:17  Pylon  
  14  0:24  Probe (Chrono Boost)  
  15  0:36  Probe (Chrono Boost), Gateway  
  16  0:44  Probe (Chrono Boost)  
  16  0:46  Assimilator  
  17  0:51  Probe  
  18  1:03  Probe  
  19  1:20  Nexus  
  19  1:23  Probe  
  20  1:33  Cybernetics Core  
  20  1:36  Probe  
  21  1:41  Assimilator  
  21  1:49  Probe  
  21  1:53  Pylon  
  22  2:01  Probe (Chrono Boost)  
  23  2:08  Adept (Chrono Boost)  
  23  2:13  Probe (Chrono Boost)  
  26  2:20  Probe (Chrono Boost), Stargate  
  27  2:27  Probe, Warp Gate  
  28  2:35  Stalker  
  30  2:37  Probe  
  30  2:42  Probe  
  30  2:49  Probe  
  30  2:54  Probe  
  30  3:01  Probe (Chrono Boost)  
  30  3:05  Phoenix  
  33  3:11  Probe (Chrono Boost)  
  35  3:13  Probe (Chrono Boost)  
  36  3:21  Probe (Chrono Boost)  
  36  3:22  Probe (Chrono Boost)  
  37  3:29  Probe (Chrono Boost)  
  37  3:30  Phoenix  
  37  3:32  Probe (Chrono Boost)  
  43  3:35  Probe (Chrono Boost)  
  43  3:40  Probe (Chrono Boost)  
  45  3:41  Pylon  
  45  3:46  Shield Battery  
  45  3:49  Probe x2 (Chrono Boost)  
  45  3:54  Probe  
  45  3:59  Probe, Phoenix  
  49  4:04  Twilight Council  
  49  4:06  Probe  
  52  4:11  Probe  
  52  4:14  Pylon  
  51  4:18  Probe  
  51  4:20  Gateway  
  51  4:21  Gateway  
  52  4:24  Phoenix  
  54  4:33  Pylon, Stalker  
  56  4:39  Charge (Chrono Boost)  
  56  4:42  Probe  
  56  4:51  Nexus  
  56  4:56  Zealot  
  56  4:59  Phoenix  
  60  5:01  Shield Battery  
  60  5:07  Probe x2  
  60  5:10  Pylon  
  62  5:14  Zealot  
  62  5:18  Zealot  
  62  5:19  Zealot  
  68  5:24  Phoenix  
  68  5:28  Probe x2  
  72  5:35  Pylon  
  72  5:37  Zealot  
  72  5:40  Gateway  
  72  5:42  Gateway  
  74  5:43  Gateway  
  74  5:49  Phoenix (Chrono Boost)  
  76  5:51  Pylon  
  76  5:56  Zealot x2  
  80  5:58  Zealot  
  80  6:00  Probe x2 (Chrono Boost)  
  84  6:10  Probe (Chrono Boost)  
  85  6:11  Phoenix (Chrono Boost)  
  85  6:12  Probe (Chrono Boost)  
  85  6:17  Probe (Chrono Boost), Zealot  
  85  6:18  Sentry  
  94  6:19  Probe (Chrono Boost), Zealot  
  94  6:20  Probe (Chrono Boost)  
  94  6:24  Probe x2 (Chrono Boost)  
  94  6:25  Pylon  
  99  6:33  Phoenix  
  99  6:37  Zealot x3  
  99  6:38  Zealot  
  109  6:43  Pylon  
  109  6:44  Pylon  
  109  6:50  Zealot x2  
  113  6:58  Phoenix  
  115  7:01  Zealot x4  
  115  7:07  Forge  
  115  7:08  Probe x2, Pylon  
  125  7:22  Pylon  
  125  7:23  Phoenix  
  125  7:25  Probe x2, Pylon, Assimilator  
  125  7:26  Assimilator  
  127  7:32  Zealot x2  
  127  7:33  Zealot x3  
  127  7:36  Protoss Ground Armor Level 1 (Chrono Boost)  
  133  7:42  Zealot  
  133  7:43  Probe  
  133  7:44  Probe  
  119  7:49  Phoenix  
  119  7:50  Probe  
  116  8:07  Zealot x4  
  116  8:08  Zealot x2  
  128  8:19  Gateway x2, Robotics Facility  
  128  8:20  Robotics Facility  
  128  8:29  Phoenix  
  130  8:34  Probe  
  130  8:35  Probe, Nexus, Assimilator  
  130  8:36  Pylon  
  126  8:42  Zealot x2, Stalker x2  
  126  8:43  Zealot  
  126  8:45  Zealot  
  136  8:51  Blink  
  136  9:01  Pylon  
  136  9:04  Pylon  
  136  9:07  Zealot x5  
  146  9:12  Robotics Bay  
  136  9:20  Phoenix  
  136  9:21  Zealot x3  
  126  9:28  Observer x2  
  128  9:32  Assimilator x2  
  128  9:34  Pylon  
  128  9:36  Forge  
  124  9:58  Colossus x2 (Chrono Boost)  
  110  10:00  Probe x4  
  126  10:13  Observer  
  126  10:17  Zealot x3  
  126  10:19  Shield Battery  
  132  10:22  Pylon  
  132  10:27  Phoenix  
  134  10:31  Photon Cannon  
  134  10:35  Photon Cannon, Shield Battery  
  130  10:47  Zealot x2  
  120  10:52  Zealot x4  
  120  10:53  Zealot  
Show
View Real Time Build Order
Export as new Build Order

Kas Terran 

Build Orders: Reaper Expand 

Get SALT Encoding   

  12  0:00  SCV  
  13  0:12  SCV  
  14  0:17  Supply Depot  
  14  0:24  SCV  
  15  0:38  SCV  
  15  0:40  Barracks  
  15  0:42  Refinery  
  16  0:50  SCV  
  17  1:03  SCV  
  18  1:15  SCV  
  19  1:27  Reaper, Orbital Command  
  20  1:51  Command Center  
  21  1:54  SCV  
  21  1:58  Supply Depot  
  21  2:02  Barracks Reactor  
  21  2:07  SCV  
  22  2:19  SCV  
  23  2:32  SCV  
  24  2:39  Marine x2  
  24  2:43  Command Center  
  24  2:44  SCV  
  27  2:56  SCV  
  27  2:57  Marine  
  29  3:00  Marine  
  29  3:01  Bunker  
  30  3:09  SCV  
  30  3:10  Barracks  
  31  3:14  Marine  
  31  3:18  Orbital Command, Marine  
  33  3:21  SCV  
  34  3:32  Marine  
  34  3:33  SCV  
  36  3:36  Marine  
  36  3:37  Engineering Bay  
  37  3:45  SCV x2  
  39  3:50  Marine  
  39  3:54  Marine  
  41  3:57  Orbital Command, SCV  
  41  3:58  Barracks Tech Lab  
  42  4:04  SCV  
  42  4:05  Terran Infantry Weapons Level 1  
  42  4:07  Missile Turret  
  42  4:08  Marine, Missile Turret  
  42  4:09  SCV  
  45  4:12  Marine  
  45  4:16  SCV  
  47  4:17  Stimpack  
  47  4:18  Marauder  
  47  4:21  SCV  
  47  4:23  SCV  
  51  4:27  Barracks  
  51  4:28  Marine  
  51  4:30  SCV  
  53  4:33  Refinery  
  53  4:35  Factory  
  53  4:37  SCV  
  54  4:39  Marine  
  54  4:41  SCV, Marauder  
  58  4:45  Refinery  
  58  4:46  SCV  
  58  4:47  Supply Depot  
  58  4:49  Supply Depot  
  60  4:52  SCV  
  60  4:57  SCV  
  60  4:58  SCV  
  61  5:08  Refinery, SCV, Marine x2  
  61  5:09  SCV, Marauder  
  61  5:10  Supply Depot  
  61  5:12  SCV  
  68  5:14  Supply Depot  
  68  5:15  Barracks Tech Lab  
  68  5:20  Starport, Factory Reactor  
  68  5:21  SCV x2  
  69  5:24  SCV  
  70  5:33  SCV x2  
  69  5:36  SCV  
  69  5:38  Marauder x2, Marine x2  
  69  5:40  Supply Depot  
  76  5:45  SCV x2  
  76  5:48  SCV  
  79  5:50  Supply Depot  
  79  5:56  Marine x2  
  81  5:57  SCV  
  81  5:58  SCV  
  81  5:59  Marauder  
  81  6:00  Marauder  
  81  6:01  Concussive Shells  
  81  6:02  Orbital Command, Medivac, Combat Shield  
  89  6:07  Medivac  
  89  6:08  SCV  
  91  6:13  Marine  
  91  6:14  SCV  
  91  6:17  Missile Turret  
  93  6:20  SCV  
  93  6:21  Marauder x2, Factory Reactor  
  98  6:27  SCV  
  98  6:29  Barracks  
  98  6:30  SCV  
  98  6:31  Barracks  
  97  6:34  SCV  
  97  6:37  Missile Turret  
  97  6:38  Medivac x2  
  102  6:42  Marauder  
  102  6:44  SCV  
  102  6:45  SCV  
  102  6:46  SCV  
  107  6:47  Supply Depot x2  
  103  6:56  SCV  
  103  6:59  Marauder  
  101  7:03  SCV x2  
  101  7:04  Marauder, Marine x2  
  101  7:07  Terran Infantry Armor Level 1  
  107  7:08  Medivac x2  
  107  7:09  SCV  
  107  7:11  Refinery  
  107  7:13  Supply Depot x2  
  107  7:15  SCV x2  
  110  7:23  Marauder  
  110  7:24  Barracks Tech Lab, Marine x3  
  110  7:25  Marauder  
  110  7:26  SCV, Marine  
  109  7:37  Widow Mine  
  109  7:38  SCV x2  
  109  7:40  Medivac  
  109  7:41  SCV, Medivac  
  109  7:42  Marine x3  
  105  7:44  Marine  
  105  7:45  Bunker, Marauder  
  105  7:46  Marauder  
  105  7:47  Bunker x2, Marine  
  94  7:53  Armory  
  94  7:54  SCV x2  
  94  7:56  Supply Depot  
  96  7:59  Widow Mine  
  96  8:00  Marine x3  
  96  8:02  Marine  
  98  8:08  Marauder x2, Marine  
  102  8:13  Medivac x2  
  102  8:18  Marine x3  
  109  8:20  Widow Mine, Marine  
  110  8:30  Marine x3  
  113  8:36  Marine x3  
  113  8:37  Marine  
  117  8:48  Marine x3  
  117  8:49  Supply Depot  
  117  8:51  Widow Mine, Medivac x2  
  117  8:53  Marine x2, Supply Depot  
  117  8:54  Marine, Supply Depot  
  129  8:59  Marine  
  130  9:05  Command Center  
  130  9:06  Marine x3  
  133  9:11  Marine x3  
  120  9:19  Marine  
  120  9:21  Medivac x2  
  88  9:25  Marine x3  
  88  9:29  Marine x3  
  88  9:30  Widow Mine  
  88  9:37  Marine  
  89  9:42  Marine  
  89  9:43  Marine x2  
  90  9:47  Marine x3  
  93  9:54  Marine  
  93  10:00  Marine x2  
  93  10:01  Marine  
  93  10:02  Medivac x2  
  93  10:03  Widow Mine  
  93  10:05  Marine x2  
  104  10:11  Marine  
  104  10:12  Marine  
  104  10:18  Marine  
  104  10:19  Marauder x2  
  109  10:22  Marine  
  109  10:24  Marine  
  111  10:29  Marine  
  111  10:30  Widow Mine, Marine  
  111  10:32  Medivac  
  117  10:36  Marine  
  117  10:39  Marine  
  117  10:40  Marine x2  
  117  10:42  Marine  
  121  10:47  Marine  
  121  10:48  Marine  
Tags
 
Add a new tag
Caveats
  • Supply blocks, unpowered buildings, or Contaminate may cause inaccurate times.
  • Supply counts are checked every 10 seconds.